[Event "Titled Tuesday Blitz November 15 Late 2022"]
[White "Milchev, Nikolay"]
[Black "Fernandez De La Vara, Arnaldo"]
[WhiteFideId "2906090"]
[BlackFideId "3518388"]
[WhiteElo "2449"]
[BlackElo "2387"]
[Result "1-0"]
[Round "06"]
[TimeControl "180+1"]
[Date "2022.11.16"]
[WhiteClock "0:02:08"]
[BlackClock "0:00:17"]

1. Nf3 c5 2. c3 Nf6 3. d4 e6 4. Bf4 d5 5. e3 Nc6 6. Nbd2 Bd6 7. Bg3 O-O 8. Ne5 Bxe5 9. dxe5 Nd7 10. f4 c4 11. Nf3 Nc5 12. Nd4 Bd7 13. Be2 b5 14. O-O Qb6 15. f5 Ne4 16. Qe1 exf5 17. Bf4 b4 18. Bf3 a5 19. Bxe4 fxe4 20. Qg3 Nxd4 21. exd4 a4 22. a3 bxc3 23. bxc3 Qe6 24. Bg5 Qg6 25. Rab1 Rfb8 26. Rxb8+ Rxb8 27. e6 1-0


[Site "https://www.chess.com"]

[Event "Titled Tuesday Blitz November 15 Late 2022"]
[White "Mirzoev, Azer"]
[Black "Kaufman, Raymond"]
[WhiteFideId "13400304"]
[BlackFideId "2015056"]
[WhiteElo "2525"]
[BlackElo "2321"]
[Result "1-0"]
[Round "06"]
[TimeControl "180+1"]
[Date "2022.11.16"]
[WhiteClock "0:01:34"]
[BlackClock "0:01:14"]

1. e4 e5 2. Nc3 Nf6 3. Bc4 Nc6 4. d3 Na5 5. Qf3 c6 6. Nge2 Be7 7. Ng3 d6 8. h3 Nxc4 9. dxc4 Be6 10. b3 g6 11. a4 O-O 12. O-O a5 13. Rd1 Qc7 14. Ba3 Rfd8 15. Rd2 h5 16. Rad1 h4 17. Nf1 Nh5 18. Ne3 Nf4 19. Ne2 Nxe2+ 20. Qxe2 b6 21. Nf1 Rd7 22. Nh2 Rad8 23. Nf3 Kg7 24. Qe3 Rh8 25. Bb2 f6 26. Ne1 Rhd8 27. f4 Bf7 28. Nf3 exf4 29. Qxf4 Be6 30. Qxh4 1-0


[Site "https://www.chess.com"]

[Event "Titled Tuesday Blitz November 15 Late 2022"]
[White "Molenda, Marcin"]
[Black "Kobo, Ori"]
[WhiteFideId "1173065"]
[BlackFideId "2812320"]
[WhiteElo "2281"]
[BlackElo "2447"]
[Result "1-0"]
[Round "06"]
[TimeControl "180+1"]
[Date "2022.11.16"]
[WhiteClock "0:00:07"]
[BlackClock "0:00:05"]

1. e4 c5 2. Nf3 e6 3. d4 cxd4 4. Nxd4 a6 5. Nc3 b5 6. Bd3 Bb7 7. O-O Nc6 8. Nxc6 Bxc6 9. a3 Ne7 10. Kh1 Ng6 11. f4 Be7 12. Be3 Qc7 13. Qd2 f6 14. Rae1 O-O 15. Qe2 Rf7 16. Qh5 Qb7 17. Rf3 a5 18. Rh3 Nf8 19. Rg3 b4 20. axb4 axb4 21. Ne2 Bxe4 22. Nd4 Bxd3 23. cxd3 Qa6 24. Rd1 Qa5 25. Qf3 Rc8 26. h4 f5 27. h5 h6 28. Qb7 Qa8 29. Qb5 Qb8 30. Qa6 Qa8 31. Qb5 Qb8 32. Qa6 Bf6 33. Nf3 Qa8 34. Qb5 Qb8 35. Qa6 Rc6 36. Qa2 b3 37. Qa3 Rc2 38. d4 Qb7 39. Ne5 Bxe5 40. dxe5 Kh7 41. Bc5 Qc8 42. Bxf8 Qxf8 43. Qxf8 Rxf8 44. Rxb3 Rc7 45. Rbd3 Rf7 46. b4 Rb7 47. Rd4 g6 48. hxg6+ Kxg6 49. Kg1 Rf8 50. Rxd7 Rxb4 51. g3 Rb3 52. Kg2 Re8 53. R1d6 h5 54. Kh3 Rb1 55. Rc6 Rh1+ 56. Kg2 Ra1 57. Rcc7 Ra2+ 58. Kh3 Rg8 59. Re7 Ra6 60. Rcd7 Rb6 61. Rc7 Ra6 62. Rcd7 Rb6 63. Rf7 Kh6 64. Rf6+ Rg6 65. Rf8 Rg8 66. Rxg8 1-0


[Site "https://www.chess.com"]

[Event "Titled Tuesday Blitz November 15 Late 2022"]
[White "Nakamura, Hikaru"]
[Black "Fedoseev, Vladimir"]
[WhiteFideId "2016192"]
[BlackFideId "24130737"]
[WhiteElo "2909"]
[BlackElo "2726"]
[Result "0-1"]
[Round "06"]
[TimeControl "180+1"]
[Date "2022.11.15"]
[WhiteClock "0:00:14"]
[BlackClock "0:00:08"]

1. e4 c6 2. Nc3 d5 3. Nf3 Bg4 4. h3 Bxf3 5. Qxf3 Nf6 6. g3 e6 7. Bg2 Nbd7 8. Qe2 d4 9. Nb1 e5 10. d3 h5 11. f4 h4 12. g4 exf4 13. Bxf4 Nc5 14. O-O Ne6 15. Bh2 Bb4 16. Nd2 Bxd2 17. Qxd2 Nd7 18. e5 Qe7 19. Kh1 a5 20. c3 Ndc5 21. Rf5 Rd8 22. c4 O-O 23. Raf1 a4 24. Bf3 g6 25. Bd1 gxf5 26. gxf5 f6 27. fxe6 Nxe6 28. Bg4 Ng7 29. Re1 fxe5 30. Bxe5 Rde8 31. Qg2 Qg5 32. Qe4 Rf2 33. Qxd4 Ref8 34. Rg1 Rf1 35. Rxf1 Rxf1+ 36. Kg2 Rf7 37. Qe4 Nf5 38. Bf4 Qf6 39. Be5 Qg5 40. Bf4 Qf6 41. Be5 Ne3+ 0-1


[Site "https://www.chess.com"]

[Event "Titled Tuesday Blitz November 15 Late 2022"]
[White "Naroditsky, Daniel"]
[Black "Gokerkan, Cem Kaan"]
[WhiteFideId "2026961"]
[BlackFideId "6336760"]
[WhiteElo "2628"]
[BlackElo "2365"]
[Result "1-0"]
[Round "06"]
[TimeControl "180+1"]
[Date "2022.11.15"]
[WhiteClock "0:01:40"]
[BlackClock "0:00:06"]

1. e4 c5 2. Nf3 Nf6 3. e5 Nd5 4. Nc3 e6 5. Ne4 f5 6. Nc3 Nxc3 7. dxc3 Be7 8. h4 b6 9. Bf4 Bb7 10. Be2 Na6 11. Qd2 Nc7 12. c4 a6 13. h5 b5 14. b3 Bc6 15. Rd1 h6 16. Rh3 bxc4 17. bxc4 Kf8 18. Rg3 Ne8 19. Rg6 Rb8 20. Kf1 Qb6 21. Kg1 Qb4 22. Qe3 Qb2 23. Bd3 Qxa2 24. c3 a5 25. g4 fxg4 26. Nh2 Qa4 27. Rf1 Ba8 28. Nxg4 Qc6 29. f3 d5 30. exd6 Bxd6 31. Rxe6 Kg8 32. Bxd6 Nxd6 33. Bg6 Rh7 34. Rd1 Nxc4 35. Qe2 Qxf3 36. Re8+ Rxe8 37. Qxe8+ Qf8 38. Bxh7+ 1-0


[Site "https://www.chess.com"]

[Event "Titled Tuesday Blitz November 15 Late 2022"]
[White "Nugumanov, Bakhtiyar"]
[Black "Gurevich, Dmitry"]
[WhiteFideId "13701797"]
[BlackFideId "2000407"]
[WhiteElo "2287"]
[BlackElo "2506"]
[Result "0-1"]
[Round "06"]
[TimeControl "180+1"]
[Date "2022.11.16"]
[WhiteClock "0:00:01"]
[BlackClock "0:01:23"]

1. e4 c5 2. Nf3 d6 3. d4 cxd4 4. Nxd4 Nf6 5. Nc3 Nc6 6. Bg5 e6 7. Bb5 Bd7 8. Qd3 Be7 9. O-O-O O-O 10. Bxc6 bxc6 11. Nb3 d5 12. e5 Ne8 13. Bxe7 Qxe7 14. Qd4 Nc7 15. Ne4 dxe4 16. Qxd7 Qg5+ 17. Kb1 Qxe5 18. Qxc6 Nd5 19. Qc5 Rfc8 20. Qd4 Qf5 21. Rd2 a5 22. Nc5 Rab8 23. Ka1 Nb4 24. c3 Qxc5 25. Qxc5 Rxc5 26. cxb4 axb4 27. Rhd1 f5 28. Kb1 Kf7 29. Rd7+ Kf6 30. Ra7 b3 31. axb3 Rxb3 0-1


[Site "https://www.chess.com"]

[Event "Titled Tuesday Blitz November 15 Late 2022"]
[White "Paiva, Henrique M A Albergaria"]
[Black "Kirillov, Dmitry"]
[WhiteFideId "1920995"]
[BlackFideId "34180572"]
[WhiteElo "1953"]
[BlackElo "2095"]
[Result "0-1"]
[Round "06"]
[TimeControl "180+1"]
[Date "2022.11.16"]
[WhiteClock "0:01:03"]
[BlackClock "0:00:49"]

1. c4 e6 2. d4 d5 3. Nf3 c6 4. e3 f5 5. b3 Bd6 6. Bd3 Nf6 7. O-O O-O 8. Ba3 Bxa3 9. Nxa3 b6 10. Ne5 Bb7 11. cxd5 cxd5 12. Rc1 a6 13. Qe2 Qd6 14. Nb1 Nbd7 15. f4 Ne4 16. Bxe4 dxe4 17. Nd2 b5 18. Nxd7 Qxd7 19. Rc5 Rac8 20. Rfc1 Rxc5 21. Rxc5 Rc8 22. b4 Bd5 23. a4 bxa4 24. Qxa6 Ra8 25. Qf1 a3 26. Qa1 a2 27. b5 Qa7 28. h3 Qa3 29. Nf1 Qd3 30. Rc1 Qxb5 31. Qc3 Qb1 0-1


[Site "https://www.chess.com"]

[Event "Titled Tuesday Blitz November 15 Late 2022"]
[White "Papayan, Oleg"]
[Black "Thiel, Thomas"]
[WhiteFideId "4193911"]
[BlackFideId "4615964"]
[WhiteElo "2153"]
[BlackElo "2237"]
[Result "1-0"]
[Round "06"]
[TimeControl "180+1"]
[Date "2022.11.16"]
[WhiteClock "0:00:13"]
[BlackClock "0:00:01"]

1. e4 d5 2. exd5 Nf6 3. d4 Nxd5 4. c4 Nb6 5. Nf3 g6 6. Nc3 Bg7 7. Be3 O-O 8. Qd2 Nc6 9. O-O-O Bg4 10. Be2 Bxf3 11. gxf3 e5 12. c5 exd4 13. cxb6 dxe3 14. Qxd8 Rfxd8 15. Rxd8+ Rxd8 16. bxc7 Rc8 17. fxe3 Bxc3 18. bxc3 Rxc7 19. f4 Ne7 20. Kd2 Nd5 21. Bf3 Nb6 22. Rb1 Nc4+ 23. Kd3 b6 24. Rb4 Na5 25. c4 Nc6 26. Rb5 Ne7 27. Bd5 Kf8 28. e4 Ke8 29. Kd4 f6 30. a4 Kd7 31. a5 bxa5 32. Rxa5 Nc6+ 33. Bxc6+ Kxc6 34. Ra6+ Kb7 35. Rxf6 a5 36. c5 Rd7+ 37. Kc4 Rd2 38. Rf7+ Kc6 39. Rf6+ Kc7 40. Ra6 Rxh2 41. Kd5 Rd2+ 42. Ke6 Rd4 43. Ke5 Rc4 44. Kd5 Ra4 45. Ra7+ Kc8 46. Rxh7 Ra1 47. Kc6 Kb8 48. e5 a4 49. e6 Re1 50. e7 a3 51. Rh8+ Ka7 52. e8=Q Rxe8 53. Rxe8 1-0


[Site "https://www.chess.com"]

[Event "Titled Tuesday Blitz November 15 Late 2022"]
[White "Pichot, Alan"]
[Black "Wadsworth, Matthew J"]
[WhiteFideId "110973"]
[BlackFideId "415804"]
[WhiteElo "2560"]
[BlackElo "2367"]
[Result "1-0"]
[Round "06"]
[TimeControl "180+1"]
[Date "2022.11.16"]
[WhiteClock "0:02:05"]
[BlackClock "0:00:02"]

1. e4 e6 2. d4 d5 3. Bd3 dxe4 4. Bxe4 Nf6 5. Bf3 c5 6. Ne2 Nc6 7. Be3 cxd4 8. Nxd4 Ne5 9. O-O Nxf3+ 10. Qxf3 Qd5 11. Qe2 Bd7 12. Nc3 Qh5 13. Qxh5 Nxh5 14. Ndb5 Bxb5 15. Nxb5 O-O-O 16. Nxa7+ Kb8 17. Nb5 e5 18. a4 f5 19. a5 f4 20. Bb6 Rd5 21. c4 Rd7 22. Rfd1 Rxd1+ 23. Rxd1 Bb4 24. Rd7 Nf6 25. Rxg7 Rc8 26. b3 Ne4 27. Rxh7 Bc5 28. Kf1 Bxb6 29. axb6 Nd2+ 30. Ke2 Nxb3 31. Nd6 Nd4+ 32. Kd3 Rd8 33. c5 Ne6 34. Kc4 e4 35. Rxb7+ Ka8 36. Re7 1-0


[Site "https://www.chess.com"]

[Event "Titled Tuesday Blitz November 15 Late 2022"]
[White "Pranav, V"]
[Black "Saydaliev, Saidakbar"]
[WhiteFideId "25060783"]
[BlackFideId "14203693"]
[WhiteElo "2430"]
[BlackElo "2276"]
[Result "1-0"]
[Round "06"]
[TimeControl "180+1"]
[Date "2022.11.15"]
[WhiteClock "0:00:03"]
[BlackClock "0:00:09"]

1. e4 e5 2. Nf3 Nc6 3. Bc4 Nf6 4. Ng5 d5 5. exd5 Na5 6. Bb5+ c6 7. dxc6 bxc6 8. Bd3 h6 9. Ne4 Nd5 10. O-O Nf4 11. Be2 f5 12. Ng3 Bd6 13. d4 O-O 14. dxe5 Bxe5 15. Qxd8 Rxd8 16. Bxf4 Bxf4 17. Nc3 Rb8 18. Rab1 Be6 19. Bd3 g6 20. b3 c5 21. Rfd1 Be5 22. Na4 c4 23. Bf1 cxb3 24. axb3 Rxd1 25. Rxd1 Bf7 26. Rd7 Nc6 27. Nc5 Nd4 28. Rxa7 Nxc2 29. Nd7 Bxg3 30. hxg3 Rxb3 31. Ne5 Be6 32. Ra6 Nd4 33. Rd6 Rb4 34. Nxg6 Bf7 35. Ne5 Be6 36. Bd3 Kf8 37. f4 Bg8 38. Rd8+ Kg7 39. Rd7+ Kf8 40. Kf2 Be6 41. Rd6 Bg8 42. Rxh6 Rb2+ 43. Ke3 Nb3 44. Bxf5 Rxg2 45. Be4 Rxg3+ 46. Kf2 Rc3 47. Rb6 Nd4 48. Rb7 Ne6 49. Nd7+ Ke7 50. Ne5+ Kd6 51. Rb8 Nxf4 52. Nf3 Be6 53. Rb6+ Ke7 54. Nd4 Rc4 55. Nc6+ Kd6 56. Bf3 Kc7 57. Ra6 Nd3+ 58. Ke3 Nc5 59. Ra7+ Kd6 60. Nd4 Rc3+ 61. Kf2 Rd3 62. Nb5+ Ke5 63. Rc7 Kf4 64. Be2 Rd5 65. Nc3 Re5 66. Ke1 Bc4 67. Kd2 Bxe2 68. Nxe2+ Kf5 69. Nd4+ Kg5 70. Nf3+ Kf4 71. Nxe5 Ne4+ 72. Kd3 Kxe5 73. Re7+ 1-0


[Site "https://www.chess.com"]

[Event "Titled Tuesday Blitz November 15 Late 2022"]
[White "Prithu Gupta"]
[Black "Milosevic, Milos"]
[WhiteFideId "46618546"]
[BlackFideId "964875"]
[WhiteElo "2344"]
[BlackElo "2321"]
[Result "1-0"]
[Round "06"]
[TimeControl "180+1"]
[Date "2022.11.16"]
[WhiteClock "0:01:43"]
[BlackClock "0:01:41"]

1. c4 Nf6 2. Nc3 g6 3. g3 Bg7 4. Bg2 O-O 5. e4 d6 6. Nge2 e5 7. O-O Nc6 8. d3 Be6 9. a3 Qd7 10. b4 Nh5 11. Be3 f5 12. exf5 gxf5 13. f4 exf4 14. gxf4 Nf6 15. h3 d5 16. b5 Ne7 17. Nd4 dxc4 18. dxc4 Bxc4 19. Bxb7 Rad8 20. Rf2 Nfd5 21. Nxd5 Nxd5 22. Bxd5+ Qxd5 23. Rg2 Kh8 24. Rxg7 Kxg7 25. Kh2 Rf6 26. Qh5 Rg6 27. Nxf5+ Kg8 28. Ne7+ 1-0


[Site "https://www.chess.com"]

[Event "Titled Tuesday Blitz November 15 Late 2022"]
[White "Prydun, Andriy"]
[Black "Vlassov, Nikolai"]
[WhiteFideId "14145898"]
[BlackFideId "4103360"]
[WhiteElo "2163"]
[BlackElo "2324"]
[Result "1-0"]
[Round "06"]
[TimeControl "180+1"]
[Date "2022.11.16"]
[WhiteClock "0:00:50"]
[BlackClock "0:00:02"]

1. e4 c5 2. Nf3 d6 3. c3 Nf6 4. h3 g6 5. Bd3 Bg7 6. Bc2 O-O 7. d4 cxd4 8. cxd4 Nc6 9. Nc3 e5 10. d5 Nd4 11. Be3 Nxc2+ 12. Qxc2 Nh5 13. O-O-O f5 14. Kb1 Nf4 15. Bxf4 exf4 16. Nd4 fxe4 17. Nxe4 Bxd4 18. Rxd4 Bf5 19. Qd2 Qb6 20. Ka1 Rac8 21. Nc3 g5 22. h4 h6 23. hxg5 hxg5 24. g3 Kg7 25. f3 Rh8 26. Rg1 Rh2 27. Qxh2 Qxd4 28. gxf4 Rh8 29. Rxg5+ Bg6 30. Qg2 Rh6 31. f5 Kf7 32. fxg6+ Kg7 33. a3 Qe3 34. Qg1 1-0


[Site "https://www.chess.com"]

[Event "Titled Tuesday Blitz November 15 Late 2022"]
[White "Pultinevicius, Paulius"]
[Black "Firouzja, Alireza"]
[WhiteFideId "12809390"]
[BlackFideId "12573981"]
[WhiteElo "2493"]
[BlackElo "2903"]
[Result "0-1"]
[Round "06"]
[TimeControl "180+1"]
[Date "2022.11.15"]
[WhiteClock "0:00:27"]
[BlackClock "0:01:42"]

1. d4 Nf6 2. c4 g6 3. Nc3 Bg7 4. e4 d6 5. Nf3 O-O 6. Be2 e5 7. O-O Nc6 8. Be3 Ng4 9. Bg5 f6 10. Bh4 h5 11. dxe5 dxe5 12. h3 Nh6 13. Qb3 Qe8 14. Nd5 Rf7 15. Rfd1 Rb8 16. c5 Be6 17. Qa3 Kh8 18. Bc4 g5 19. Bxg5 fxg5 20. Nxg5 Nd4 21. Nxf7+ Qxf7 22. Rac1 Rf8 23. Rd2 Ng8 24. Ne3 Bh6 25. Bxe6 Qxe6 26. c6 bxc6 27. Rc5 Nf6 28. Nc4 Bxd2 29. Rxe5 Qf7 30. Nxd2 Nd7 31. Rxh5+ Qxh5 32. Qe7 Qd1+ 33. Kh2 Qxd2 34. Qh4+ Kg7 35. Qg4+ Kf6 36. f4 Ke7 0-1


[Site "https://www.chess.com"]

[Event "Titled Tuesday Blitz November 15 Late 2022"]
[White "Quirke, Jeffrey"]
[Black "Radovanovic, Dusan"]
[WhiteFideId "2013029"]
[BlackFideId "926868"]
[WhiteElo "2221"]
[BlackElo "2341"]
[Result "1/2-1/2"]
[Round "06"]
[TimeControl "180+1"]
[Date "2022.11.16"]
[WhiteClock "0:00:38"]
[BlackClock "0:00:30"]

1. e4 c5 2. Nf3 d6 3. b4 cxb4 4. d4 d5 5. exd5 Nf6 6. c4 bxc3 7. Nxc3 Nxd5 8. Nxd5 Qxd5 9. Be2 Nc6 10. O-O e6 11. Be3 Be7 12. Rc1 O-O 13. Bc4 Qa5 14. Qd3 h6 15. Rfd1 Rd8 16. Qe4 Nb4 17. Ne5 Nd5 18. Bxh6 Nf6 19. Qe3 Bd7 20. Qg3 Bf8 21. Bg5 Be7 22. Bh6 Bf8 23. Bg5 Be7 24. Bh6 1/2-1/2


[Site "https://www.chess.com"]

[Event "Titled Tuesday Blitz November 15 Late 2022"]
[White "Rangel, Daniel"]
[Black "Goryachkina, Aleksandra"]
[WhiteFideId "2124475"]
[BlackFideId "4147103"]
[WhiteElo "2225"]
[BlackElo "2484"]
[Result "0-1"]
[Round "06"]
[TimeControl "180+1"]
[Date "2022.11.16"]
[WhiteClock "0:00:04"]
[BlackClock "0:00:14"]

1. c4 Nf6 2. g3 g6 3. Bg2 Bg7 4. Nc3 O-O 5. e3 c5 6. Nge2 Nc6 7. O-O d6 8. b3 Bf5 9. Bb2 Qd7 10. d4 cxd4 11. Nxd4 Bh3 12. Nd5 Bxg2 13. Kxg2 Nxd5 14. cxd5 Ne5 15. Rc1 Rfc8 16. Qe2 a6 17. h3 Qd8 18. Nf3 Nxf3 19. Kxf3 Qa5 20. Bxg7 Qxd5+ 21. e4 Qh5+ 22. Ke3 Qxe2+ 23. Kxe2 Kxg7 24. Kd3 h5 25. f4 Kf6 26. Kd4 a5 27. h4 Rc6 28. Rxc6 bxc6 29. Rc1 c5+ 30. Kc4 Rb8 31. Kd5 Rb6 32. e5+ Kf5 33. exd6 exd6 34. Rc4 Kg4 35. Rc3 Ra6 36. Re3 a4 37. bxa4 Rxa4 38. Kxd6 Rxa2 39. Kxc5 Rg2 40. Re7 f6 41. Re6 Rxg3 42. Rxf6 Kxh4 43. f5 gxf5 44. Kd4 Rf3 45. Ke5 Kg3 46. Rg6+ Kh3 47. Rg5 h4 48. Rh5 Kg3 49. Rg5+ Kf2 50. Rh5 h3 51. Rh4 Kg2 52. Ra4 h2 53. Ra2+ Rf2 54. Ra3 h1=Q 55. Ra4 Qe1+ 56. Kf6 Qc3+ 57. Kg5 Qg3+ 58. Kh5 Qf3+ 59. Kg5 f4 60. Ra5 Qe4 61. Kh5 Rd2 62. Rg5+ Kf2 63. Kg4 f3+ 64. Kh3 Ke3 65. Rg3 Kd4 66. Rg4 Qxg4+ 67. Kxg4 f2 68. Kg3 f1=Q 69. Kh4 Rg2 0-1


[Site "https://www.chess.com"]

[Event "Titled Tuesday Blitz November 15 Late 2022"]
[White "Riff, Vincent"]
[Black "Madaminov, Mukhiddin"]
[WhiteFideId "617776"]
[BlackFideId "14210703"]
[WhiteElo "2369"]
[BlackElo "2341"]
[Result "0-1"]
[Round "06"]
[TimeControl "180+1"]
[Date "2022.11.15"]
[WhiteClock "0:00:14"]
[BlackClock "0:00:06"]

1. e4 e5 2. Nf3 Nc6 3. Bb5 a6 4. Ba4 Nf6 5. O-O Nxe4 6. Re1 Nc5 7. Bxc6 dxc6 8. Nxe5 Be7 9. d3 O-O 10. Bf4 Ne6 11. Bg3 Nd4 12. Nc3 Be6 13. h3 Re8 14. Nf3 Bf6 15. Ne4 Nxf3+ 16. Qxf3 Be7 17. b3 a5 18. a4 Qd7 19. Be5 f6 20. Bc3 b6 21. Ng3 Bf8 22. Nh5 Qf7 23. Nf4 Bd7 24. Nh5 Bd6 25. Ng3 Qd5 26. Ne4 Be5 27. Bxe5 Rxe5 28. Nd2 Qd4 29. Nc4 Rae8 30. Nxe5 Rxe5 31. Rad1 Kf7 32. Rxe5 Qxe5 33. Qe4 Qc5 34. Re1 h6 35. d4 Qd6 36. c4 Be6 37. f4 Bd7 38. Kh2 h5 39. g3 Be6 40. f5 Bd7 41. Re2 Qb4 42. g4 hxg4 43. hxg4 Qd6+ 44. Kg2 c5 45. d5 Kf8 46. Rf2 Kf7 47. Qf4 Ke7 48. Qxd6+ Kxd6 49. Kg3 Ke5 50. Re2+ Kd6 51. Kf4 c6 52. dxc6 Bxc6 53. g5 Bd7 54. g6 Bc6 55. Re6+ Kd7 56. Re2 Kd6 57. Rh2 Ke7 58. Rh7 Kf8 59. Rh8+ Ke7 60. Rg8 Bg2 61. Rxg7+ Kf8 62. Rb7 Bxb7 63. Kg4 Kg7 64. Kh5 Bf3+ 65. Kh4 Be4 66. Kg4 Bc2 67. Kf4 Bxb3 68. Ke4 Bxc4 0-1


[Site "https://www.chess.com"]

[Event "Titled Tuesday Blitz November 15 Late 2022"]
[White "Rustemov, Alexander"]
[Black "Premnath, R."]
[WhiteFideId "4119002"]
[BlackFideId "5021928"]
[WhiteElo "2818"]
[BlackElo "2558"]
[Result "1-0"]
[Round "06"]
[TimeControl "180+1"]
[Date "2022.11.16"]
[WhiteClock "0:00:46"]
[BlackClock "0:00:13"]

1. d4 d5 2. c4 c6 3. Nc3 e6 4. e3 Nd7 5. Qc2 Bd6 6. Bd2 Ngf6 7. Nf3 dxc4 8. Bxc4 b5 9. Bd3 Bb7 10. e4 e5 11. dxe5 Nxe5 12. Nxe5 Bxe5 13. f4 Bd4 14. O-O-O O-O 15. e5 Nd5 16. Bxh7+ Kh8 17. Be4 Rc8 18. Qd3 f5 19. Bxd5 cxd5 20. Qxd4 Rc4 21. Qxa7 Qc7 22. Kb1 Ra8 23. Nxb5 Qc6 24. Nd4 Qc7 25. Ba5 Rxa7 26. Bxc7 Rxc7 27. Nb5 Ba8 28. Nxc7 Rxc7 29. Rc1 Ra7 30. Rhd1 d4 31. Rxd4 Bxg2 32. b3 Kh7 33. a4 Kh6 34. Kb2 Kh5 35. Rc3 Be4 36. Rg3 g6 37. Rd8 Kh6 38. Rd6 1-0


[Site "https://www.chess.com"]

[Event "Titled Tuesday Blitz November 15 Late 2022"]
[White "Salman, Pavel"]
[Black "Yano, William Jorge Froes"]
[WhiteFideId "24153753"]
[BlackFideId "2112949"]
[WhiteElo "2187"]
[BlackElo "2122"]
[Result "1-0"]
[Round "06"]
[TimeControl "180+1"]
[Date "2022.11.16"]
[WhiteClock "0:00:15"]
[BlackClock "0:00:16"]

1. d4 Nf6 2. Nc3 c5 3. d5 e6 4. e4 exd5 5. exd5 d6 6. Nf3 g6 7. Bb5+ Nfd7 8. O-O Be7 9. Bh6 a6 10. Bd3 Ne5 11. Nxe5 dxe5 12. Bg7 Bf6 13. Bxh8 Bxh8 14. Re1 Kf8 15. Qf3 Nd7 16. Ne4 b5 17. c4 Rb8 18. cxb5 axb5 19. Bxb5 Nf6 20. Nxf6 Bxf6 21. a4 Kg7 22. Rac1 Qd6 23. Re2 Bf5 24. Bd3 Bd7 25. a5 Rb4 26. h3 Bg5 27. Rc4 Rb3 28. Rc3 Rb4 29. Re4 f5 30. Rxb4 cxb4 31. Rc4 e4 32. Bxe4 fxe4 33. Qxe4 Bf5 34. Qd4+ Bf6 35. Qa7+ Kh6 36. Qe3+ Bg5 37. Rh4+ Kg7 38. Qxg5 Qxd5 39. Qe7+ Qf7 40. Rxh7+ Kxh7 41. Qxf7+ Kh6 42. g4 Bc2 43. f4 b3 44. g5+ 1-0


[Site "https://www.chess.com"]

[Event "Titled Tuesday Blitz November 15 Late 2022"]
[White "Sanchez Enriquez, Oscar Gerardo"]
[Black "Allahverdiyeva, Ayan"]
[WhiteFideId "5106311"]
[BlackFideId "13412590"]
[WhiteElo "2375"]
[BlackElo "2021"]
[Result "1-0"]
[Round "06"]
[TimeControl "180+1"]
[Date "2022.11.16"]
[WhiteClock "0:02:04"]
[BlackClock "0:02:04"]

1. e4 c5 2. Nf3 d6 3. Bc4 Nf6 4. Qe2 e6 5. Bb3 Nc6 6. O-O Be7 7. c3 O-O 8. d4 cxd4 9. cxd4 e5 10. dxe5 dxe5 11. Rd1 Qb6 12. h3 Be6 13. Be3 Bc5 14. Bd5 Rad8 15. Nc3 Bd4 16. Bxc6 Bxe3 17. Qxe3 Qxe3 18. fxe3 bxc6 19. Nxe5 c5 20. Nc6 Ra8 21. e5 Bd7 22. Ne7+ Kh8 23. exf6 1-0


[Site "https://www.chess.com"]

[Event "Titled Tuesday Blitz November 15 Late 2022"]
[White "Sanchez, Robert"]
[Black "Rose, Felix"]
[WhiteFideId "2034360"]
[BlackFideId "5105722"]
[WhiteElo "2310"]
[BlackElo "2039"]
[Result "1-0"]
[Round "06"]
[TimeControl "180+1"]
[Date "2022.11.16"]
[WhiteClock "0:00:28"]
[BlackClock "0:00:03"]

1. e4 c5 2. Nf3 e6 3. d4 cxd4 4. Nxd4 a6 5. Bd3 Bc5 6. Nb3 Ba7 7. Nc3 b5 8. Qe2 Bb7 9. Be3 Bxe3 10. Qxe3 Nc6 11. O-O-O Nf6 12. h3 Qc7 13. f4 d6 14. Kb1 h5 15. Rhg1 h4 16. f5 Ne5 17. Bxb5+ axb5 18. Nxb5 Qc6 19. Nxd6+ Ke7 20. Nxb7 Nxe4 21. N7a5 Rxa5 22. Nxa5 Qa4 23. Qa7+ Kf6 24. fxe6 fxe6 25. Rd4 Nc3+ 26. bxc3 Qa3 27. Rf1+ Kg6 28. Rb4 Qxc3 29. Qd4 Qc7 30. Qe4+ Kh6 31. Nb3 g5 32. Rf6+ 1-0


[Site "https://www.chess.com"]

[Event "Titled Tuesday Blitz November 15 Late 2022"]
[White "Santos Flores, Alberto"]
[Black "Tomiello, Lucas Costamilan"]
[WhiteFideId "3601234"]
[BlackFideId "22701940"]
[WhiteElo "2235"]
[BlackElo "2085"]
[Result "0-1"]
[Round "06"]
[TimeControl "180+1"]
[Date "2022.11.16"]
[WhiteClock "0:00:02"]
[BlackClock "0:00:09"]

1. d4 Nf6 2. Nf3 d5 3. c4 e6 4. Nc3 a6 5. c5 b6 6. cxb6 cxb6 7. Bf4 Bb7 8. e3 Be7 9. h3 O-O 10. Bd3 Nbd7 11. O-O b5 12. a4 b4 13. Nb1 Ne4 14. Nbd2 Rc8 15. Qe2 a5 16. Rfc1 Nb6 17. Bb5 Nd6 18. Bxd6 Qxd6 19. Nb3 Ra8 20. Ne5 Rfc8 21. Rxc8+ Bxc8 22. Rc1 f6 23. Nd3 Bd7 24. Ndc5 Bxb5 25. Qxb5 Nc4 26. Rc2 Kf7 27. Qb7 Rb8 28. Qa6 Qxa6 29. Nxa6 Rb6 30. Nc7 Bd6 31. Nb5 Ke7 32. Kf1 Kd7 33. Ke2 Be7 34. Nd2 Rc6 35. b3 Nxd2 36. Kxd2 Rxc2+ 37. Kxc2 Kc6 38. Kd3 e5 39. dxe5 fxe5 40. e4 Bc5 41. f3 Bb6 42. g4 Kc5 43. Ke2 g6 44. Kd3 Kc6 45. Ke2 Kc5 46. Kf2 dxe4 47. fxe4 Bd8 48. Kg3 h5 49. h4 Be7 50. g5 Bd8 0-1


[Site "https://www.chess.com"]

[Event "Titled Tuesday Blitz November 15 Late 2022"]
[White "Sargsyan, Anna M."]
[Black "Avila Rodriguez, Joshua Ad"]
[WhiteFideId "13308130"]
[BlackFideId "5126444"]
[WhiteElo "2284"]
[BlackElo "2125"]
[Result "0-1"]
[Round "06"]
[TimeControl "180+1"]
[Date "2022.11.16"]
[WhiteClock "0:00:01"]
[BlackClock "0:00:46"]

1. d4 Nf6 2. c4 e6 3. Nf3 d5 4. Nc3 c5 5. cxd5 Nxd5 6. e4 Nxc3 7. bxc3 cxd4 8. cxd4 Bb4+ 9. Bd2 Bxd2+ 10. Qxd2 O-O 11. Bc4 Nd7 12. O-O b6 13. Rad1 Bb7 14. Rfe1 Rc8 15. Bb3 h6 16. h3 Nf6 17. Qf4 Qc7 18. e5 Nd5 19. Qg3 b5 20. Nh2 a5 21. Ng4 Kh8 22. Rd3 Nb4 23. Rde3 a4 24. Nxh6 gxh6 25. Qh4 Kh7 26. Bd1 Qd8 27. Qg3 Rg8 28. Qf4 Rxg2+ 29. Kf1 Rg7 30. h4 Nd5 31. Qe4+ Kh8 32. Rd3 Qg8 0-1


[Site "https://www.chess.com"]

[Event "Titled Tuesday Blitz November 15 Late 2022"]
[White "Sarkar, Justin"]
[Black "Do Nascimento,Christian Almeida"]
[WhiteFideId "2010011"]
[BlackFideId "2143801"]
[WhiteElo "2239"]
[BlackElo "2079"]
[Result "1-0"]
[Round "06"]
[TimeControl "180+1"]
[Date "2022.11.16"]
[WhiteClock "0:00:16"]
[BlackClock "0:00:33"]

1. e4 c5 2. Nf3 d6 3. d4 cxd4 4. Qxd4 Bd7 5. Be2 Nc6 6. Qe3 Nf6 7. c4 g6 8. O-O Bg7 9. Nc3 O-O 10. Rd1 Rc8 11. h3 a6 12. Rb1 Qa5 13. Bd2 Qc5 14. Qxc5 dxc5 15. Be3 Be6 16. Bxc5 Nd7 17. Ba3 Nce5 18. Nd5 Bxd5 19. cxd5 Rc2 20. Nd4 Rcc8 21. Bxe7 Rfe8 22. d6 Bf8 23. Bxf8 Kxf8 24. f4 Nc6 25. Nxc6 Rxc6 26. e5 f6 27. Bg4 f5 28. Bf3 Rb6 29. b4 g5 30. g3 gxf4 31. gxf4 Re6 32. a3 Ke8 33. Kf2 Kd8 34. Rg1 Nxe5 35. fxe5 Rxe5 36. Rbd1 Re8 37. Rg7 a5 38. Rxb7 Rxb7 39. Bxb7 axb4 40. axb4 Re5 41. Bc6 f4 42. Ra1 1-0


[Site "https://www.chess.com"]